 Dungeon Crawl Stone Soup version 0.31-a0-543-geaa9c7a2c0 (webtiles) character file.

Game seed: 437906092149850198

25 Ethylacetat the Insei (level 3, -9/25 HPs)
             Began as an Octopode Gladiator on Aug 15, 2023.
             Mangled by an ogre
             ... wielding a +0 giant club
              (34 damage)
             ... on level 2 of the Dungeon.
             The game lasted 00:01:30 (626 turns).

Ethylacetat the Insei (Octopode Gladiator)           Turns: 626, Time: 00:01:32

Health: -9/25      AC:  1    Str: 13    XL:     3   Next: 6%
Magic:  3/3        EV: 14    Int: 10    God:
Gold:   92         SH:  0    Dex: 15    Spells: 2/2 levels left

rFire   . . .        g - +2 hand axe (venom)
rCold   . . .        (no shield)
rNeg    . . .        a - +0 hat
rPois   .            (no amulet)
rElec   .            (no ring)
rCorr   .            (no ring)
SInv    .            (no ring)
Will    .....        (no ring)
Stlth   ++           (no ring)
HPRegen 0.24/turn    (no ring)
MPRegen 0.08/turn    (no ring)
                     (no ring)

%: no passive effects
@: no status effects
A: almost no armour, amphibious, 8 rings, camouflage 1, gelatinous body 1,
(nimble swimmer 1), tentacles
a: no special abilities


You were on level 2 of the Dungeon.
You visited 1 branch of the dungeon, and saw 2 of its levels.

You collected 92 gold pieces.

Inventory:

Hand Weapons
 g - a +2 hand axe of venom (weapon)
 n - a +1 dagger of electrocution
Missiles
 b - 3 throwing nets (quivered)
 c - a javelin
Armour
 a - a +0 hat (worn)
Scrolls
 d - a scroll of identify {unknown}
 e - a scroll of acquirement {unknown}
 f - 2 scrolls of amnesia {unknown}
 h - a scroll of enchant armour {unknown}
 m - a scroll of teleportation {unknown}
Potions
 i - a potion of berserk rage {unknown}
 j - a potion of resistance {unknown}
 k - a potion of cancellation {unknown}
 l - a potion of degeneration {unknown}
 o - a potion of brilliance {unknown}


   Skills:
 + Level 2.6 Fighting
 - Level 2.0 Throwing
 + Level 3.3 Dodging
 + Level 3.3 Unarmed Combat


You had 2 spell levels left.
You didn't know any spells.
Your spell library contained the following spells:

 Spells                   Type           Power      Damage    Failure   Level
 Necrotise                Necr           0%         1d4       36%         1
 Vampiric Draining        Necr           0%         2d6       75%         3
 Agony                    Necr           0%         N/A       100%        5


Dungeon Overview and Level Annotations

Branches:
Dungeon (2/15)

Altars:
Xom

Shops:
D:1 =


Innate Abilities, Weirdness & Mutations

You cannot wear most types of armour.
You are amphibious.
You can wear up to eight rings at the same time.
Your skin changes colour to match your surroundings (Stealth+).
Your rubbery body absorbs attacks. (AC +1, EV +1)
((You are camouflaged when in or above water. (Stealth+)))
You have tentacles for arms and can constrict up to eight enemies at once.


Message History

No target in view!
Found a stone staircase leading up.
No target in view!
There is a stone staircase leading down here.
Found a shimmering altar of Xom.
No target in view!
A quokka comes into view.
A quokka is nearby!
Found a chain mail.
A quokka is nearby!
Found a ruby potion.
Found a hand axe.
A quokka is nearby!
The helpless quokka fails to defend itself.
You hit the quokka but do no damage. Your grab misses the quokka.
The quokka misses you. The quokka closely misses you.
A quokka is nearby!
You closely miss the quokka. You grab the quokka. You constrict the quokka.
The quokka closely misses you. x2
You hit the quokka.
You kill the quokka!
o - a ruby potion No target in view!
You open the door.
Found a scale mail.
No target in view!
You see here a staff of poison.
No target in view!
Key pressed, stopping explore.
No target in view!
An ogre comes into view. It is wielding a +0 giant club.
Found a scroll labelled VAVACA PIAMU.
The ogre shouts!
An ogre is nearby!
You barely miss the ogre. The ogre closely misses you.
An ogre is nearby!
You hit the ogre but do no damage.
The ogre is poisoned.
The ogre hits you with a +0 giant club!!
Ouch! That really hurt!
You die...

#####
###############..... ##
#......|.##......... .
+................... ##
#........##.........
.####[.......##?@..####
...####.[.....#.O..#
..............#....#
..............#....#
....†..###.#######..
###.......)# .##
#....###.# .. #....#
#.# .#. #....# #+#


You could see an ogre (poisoned).

Vanquished Creatures
  4 endoplasms (D:1)
  A giant cockroach (D:1)
  3 hobgoblins
  A jackal (D:1)
  3 kobolds
  3 quokkas
  3 ball pythons (D:1)
  A bat (D:1)
  2 rats (D:1)
21 creatures vanquished.

Notes
Turn   | Place    | Note
-------+----------+-------------------------------------------
     0 | D:1      | Ethylacetat the Octopode Gladiator began the quest for the
                  | Orb.
     0 | D:1      | Reached XP level 1. HP: 14/14 MP: 1/1
   117 | D:1      | Reached XP level 2. HP: 15/19 MP: 2/2
   152 | D:1      | Found Yvaymom's Jewellery Shoppe.
   571 | D:2      | Reached XP level 3. HP: 25/25 MP: 3/3
   584 | D:2      | Found a shimmering altar of Xom.
   622 | D:2      | Noticed an ogre
   626 | D:2      | Mangled by an ogre

Illustrated notes

Levels and vault maps discovered:
D:1:      minmay_arrival_stone_box, layout_rooms, serial_corexii_hall,
          chequers_hall_statues_wall_a, corexii_hall_statues_l, serial_shops,
          nicolae_shop_gaudy_bauble, chequers_serial_rivers_small_b,
          minmay_pentomino_u4
D:2:      layout_basic, serial_shops, nicolae_shop_tiny_glass, basic_altar

Action                     || total
---------------------------++-------
  Melee: Unarmed           ||    11
         Tentacles         ||     8
         Constrict         ||     6
         Hand axe          ||    29
   Stab: Sleeping          ||     2
 Armour: Skin              ||     1
  Dodge: Dodged            ||    25

Table legend: (Time is in decaauts)
 A = Elapsed time spent in this place.
 B = Non-inter-level travel time spent in this place.
 C = Inter-level travel time spent in this place.
 D = Time resting spent in this place.
 E = Time spent auto-exploring this place.
 F = Levels seen in this place.
 G = Mean time per level.
                   A        B        C        D        E       F      G
               +--------+--------+--------+--------+--------+-----+--------+
         Total |    633 |    624 |      9 |      0 |    451 |   2 |  316.5 |
       Dungeon |    633 |    624 |      9 |      0 |    451 |   2 |  316.5 |
               +--------+--------+--------+--------+--------+-----+--------+

Top non-repeatable levels by time:
     D:1: 474 daAuts
     D:2: 158 daAuts
